 Dungeon Crawl Stone Soup version 0.29-a0-284-gf9362112df (webtiles) character file.

Game seed: 5782519956473236984

3374 iguanaiguana the Slicer (level 10, 0/74 HPs)
             Began as a Gnoll Wanderer on Mar 18, 2022.
             Was a Believer of Okawaru.
             Slain by a centaur warrior
             ... wielding a +0 whip
              (10 damage)
             ... on level 8 of the Dungeon on Mar 21, 2022.
             The game lasted 00:36:18 (7506 turns).

iguanaiguana the Slicer (Gnoll Wanderer)            Turns: 7506, Time: 00:36:19

Health: 0/74       AC:  7    Str: 15    XL:     10   Next: 3%
Magic:  17/17      EV: 15    Int: 10    God:    Okawaru [**....]
Gold:   355        SH:  0    Dex: 20    Spells: 8/18 levels left

rFire   . . .      SeeInvis .   l - +1 short sword (venom)
rCold   . . .      Faith    .   (no shield)
rNeg    . . .      Spirit   .   G - +0 steam dragon scales
rPois   .          Reflect  .   c - +0 helmet
rElec   .          Harm     .   (no cloak)
rCorr   .          Rampage  .   (no gloves)
Will    .....                   (no boots)
Stlth   ++++......              v - amulet of regeneration
HPRegen 1.02/turn               s - +6 ring of strength
MPRegen 0.15/turn               (no ring)

@: weak-willed
A: fangs 1, strong nose, distributed training
a: Renounce Religion, Heroism


You were on level 8 of the Dungeon.
You worshipped Okawaru.
Okawaru was pleased with you.
You visited 1 branch of the dungeon, and saw 8 of its levels.

You collected 355 gold pieces.

Inventory:

Hand Weapons
 a - a +3 short sword
 b - a +0 hunting sling
 k - a +0 falchion
 l - a +1 short sword of venom (weapon)
 u - a +1 hand axe of venom
 w - a +2 antimagic battleaxe
 F - a +1 vampiric short sword
Missiles
 t - 2 curare-tipped darts
 z - 13 poisoned darts (quivered)
Armour
 c - a +0 helmet (worn)
 n - a +3 chain mail
 G - +0 steam dragon scales (worn)
Jewellery
 i - an amulet of the acrobat
 s - a +6 ring of strength (left hand)
 v - an amulet of regeneration (around neck)
Wands
 H - a wand of acid (4) {@v1}
Scrolls
 d - 2 scrolls of fog
 m - a scroll of vulnerability
 x - a scroll of enchant weapon
 y - a scroll of fear {unknown}
 B - a scroll of enchant armour {unknown}
 E - a scroll of holy word
Potions
 f - a potion of ambrosia
 g - a potion of flight
 h - 3 potions of mutation
 j - 2 potions of lignification
 o - a potion of attraction {unknown}
 p - a potion of magic
 q - a potion of degeneration {unknown}
 r - a potion of heal wounds {unknown}
 A - a potion of cancellation {unknown}
 C - a potion of haste {unknown}
 I - a potion of brilliance {unknown}


   Skills:
 + Level 5.5 Fighting
 + Level 9.9 Short Blades
 + Level 5.5 Long Blades
 + Level 4.8 Axes
 + Level 4.8 Maces & Flails
 + Level 4.8 Polearms
 + Level 4.8 Staves
 + Level 4.8 Slings
 + Level 4.8 Bows
 + Level 4.8 Crossbows
 + Level 5.5 Throwing
 + Level 4.8 Armour
 + Level 5.5 Dodging
 + Level 6.5 Stealth
 + Level 4.8 Shields
 + Level 4.8 Unarmed Combat
 + Level 4.8 Spellcasting
 + Level 4.0 Conjurations
 + Level 4.0 Hexes
 + Level 4.0 Summonings
 + Level 4.0 Necromancy
 + Level 4.0 Translocations
 + Level 4.0 Transmutations
 + Level 4.0 Fire Magic
 + Level 4.0 Ice Magic
 + Level 4.0 Air Magic
 + Level 4.0 Earth Magic
 + Level 4.0 Poison Magic
 + Level 5.3 Invocations
 + Level 4.8 Evocations


You had 8 spell levels left.
You knew the following spells:

 Your Spells              Type           Power      Damage    Failure   Level
a - Wereblood             Tmut           10%        N/A       7%          2
b - Mephitic Cloud        Conj/Pois/Air  10%        N/A       14%         3
c - Ignite Poison         Fire/Tmut/Pois 10%        N/A       14%         3
d - Ensorcelled Hibernat  Hex/Ice        20%        N/A       7%          2

Your spell library contained the following spells:

 Spells                   Type           Power      Damage    Failure   Level
 Magic Dart               Conj           40%        1d5       4%          1
 Searing Ray              Conj           20%        2d5       7%          2
 Sublimation of Blood     Necr           10%        N/A       7%          2
 Spider Form              Tmut/Pois      10%        N/A       14%         3
 Anguish                  Hex/Necr       5%         N/A       41%         4
 Fulminant Prism          Conj/Hex       5%         3d7       41%         4
 Freezing Cloud           Conj/Ice/Air   5%         6-21      77%         5
 Summon Hydra             Summ           Unusable   N/A       N/A         7

Dungeon Overview and Level Annotations

Branches:
Dungeon (8/15)             Temple (0/1) D:6
   Lair: D:8-11

Altars:
Nemelex Xobeh
Okawaru
Qazlal
Sif Muna
Trog
The Shining One

Shops:
D:1 =

Annotations:
D:5 3 runed translucent doors, Pikel; spiderkeys's ghost, novice SpAK
D:8 exclusion: door


Innate Abilities, Weirdness & Mutations

You have very sharp teeth.
Your uncanny sense of smell can sniff out nearby items.
Your experience applies equally to all skills.


Message History

The centaur warrior kicks you.
The centaur warrior hits you with a +1 mace of protection!
The centaur warrior kicks you but does no damage.
Casting: Ensorcelled Hibernation (safe; 7% risk of failure)
Confirm with . or Enter, or press ? or * to list all spells.
Aiming: Ensorcelled Hibernation (safe; 7% risk of failure)
Press: ? - help, Shift-Dir - straight line, f/p - centaur warrior
Aim: a centaur warrior, wielding a +1 mace of protection (blue smoke, chance to affect: 27%)
The centaur warrior easily resists.
The centaur warrior closely misses you.
The centaur warrior kicks you but does no damage.
Casting: Ensorcelled Hibernation (safe; 7% risk of failure)
Confirm with . or Enter, or press ? or * to list all spells.
Aiming: Ensorcelled Hibernation (safe; 7% risk of failure)
Press: ? - help, Shift-Dir - straight line, f/p - centaur warrior
Aim: a centaur warrior, wielding a +1 mace of protection (blue smoke, chance to affect: 27%)
The centaur warrior easily resists.
The centaur warrior hits you with a +1 mace of protection!
* * * LOW HITPOINT WARNING * * *
The centaur warrior kicks you.
* * * LOW HITPOINT WARNING * * *
The centaur warrior hits you with a +0 whip!
* * * LOW HITPOINT WARNING * * *
The centaur warrior barely misses you.
The centaur warrior hits you with a +1 mace of protection!
* * * LOW HITPOINT WARNING * * *
The centaur warrior kicks you.
* * * LOW HITPOINT WARNING * * *
It was a potion of magic.
Magic courses through your body.
The centaur warrior hits you with a +0 whip.
* * * LOW HITPOINT WARNING * * *
The centaur warrior misses you.
The centaur warrior hits you but does no damage.
The centaur warrior barely misses you. The centaur warrior misses you. x2
Okay, then.
Really read the scroll of vulnerability?
As you read the scroll of vulnerability, it crumbles to dust.
Magic quickly surges around you. The centaur warrior barely misses you.
The centaur warrior kicks you but does no damage.
The centaur warrior hits you with a +0 whip!
You die...

.... #c.## #..##..
.... #..###'###..#
#..###.c........#
#...<....c#####.#####
#######..c.§...)....#
#####§§§§...#.#####.
#§§D§...........
###cc###...###. #@§#
#...# #§§###...###.
#§§§..........
#.....!.......
#.............#
#..###...###..# #..#
#...# ..# #..# #...#
.# ##.. ......


You could see 2 centaur warriors and a steam dragon (weak-willed).

Vanquished Creatures
  A steam dragon (D:7)
  A water moccasin (D:5)
  Duvessa (D:6)
  2 sky beasts
  An ice beast (D:6)
  2 black bears
  2 ogres
  3 centaurs
  2 lemures (D:5)
  2 kobold brigands
  3 bullfrogs
  3 necrophages (D:5)
  3 scorpions
  2 wights (D:8)
  Dowan (D:6)
  4 killer bees (D:7)
  5 howler monkeys
  3 jellies
  2 orc priests
  5 hounds
  4 orc wizards
  2 gnolls (D:8)
  7 adders
  A shadow imp (D:7)
  A white imp (D:6)
  An ufetubus (D:6)
  21 orcs
  6 ball pythons
  8 endoplasms
  3 giant cockroaches
  8 goblins
  11 hobgoblins
  4 jackals (D:4)
  8 kobolds
  7 quokkas
  6 bats
  A frilled lizard (D:1)
  5 rats
152 creatures vanquished.

Vanquished Creatures (others)
  Erica (D:8)
  A howler monkey (D:8)
  An orc (D:8)
3 creatures vanquished.

Grand Total: 155 creatures vanquished

Notes
Turn   | Place    | Note
-------+----------+-------------------------------------------
     0 | D:1      | iguanaiguana the Gnoll Wanderer began the quest for the
                  | Orb.
     0 | D:1      | iguanaiguana set off with the following items: a +2 short
                  | sword, a +0 falchion, a +0 helmet, a scroll of fog, a +0
                  | leather armour
     0 | D:1      | Reached XP level 1. HP: 17/17 MP: 1/1
    94 | D:1      | Reached XP level 2. HP: 23/23 MP: 2/2
   407 | D:1      | Reached XP level 3. HP: 28/28 MP: 3/3
   529 | D:1      | Found Oturiny's Jewellery Emporium.
   957 | D:2      | Reached skill level 1 in Invocations
   983 | D:2      | Reached skill level 1 in Axes
   983 | D:2      | Reached skill level 1 in Maces & Flails
   983 | D:2      | Reached skill level 1 in Polearms
   983 | D:2      | Reached skill level 1 in Staves
   983 | D:2      | Reached skill level 1 in Slings
   983 | D:2      | Reached skill level 1 in Bows
   983 | D:2      | Reached skill level 1 in Crossbows
   983 | D:2      | Reached skill level 1 in Armour
   983 | D:2      | Reached skill level 1 in Shields
   983 | D:2      | Reached skill level 1 in Unarmed Combat
   983 | D:2      | Reached skill level 1 in Spellcasting
   983 | D:2      | Reached skill level 1 in Evocations
  1085 | D:2      | Reached XP level 4. HP: 34/34 MP: 5/5
  1821 | D:3      | Reached skill level 1 in Conjurations
  1821 | D:3      | Reached skill level 1 in Hexes
  1821 | D:3      | Reached skill level 1 in Summonings
  1821 | D:3      | Reached skill level 1 in Necromancy
  1821 | D:3      | Reached skill level 1 in Translocations
  1821 | D:3      | Reached skill level 1 in Transmutations
  1821 | D:3      | Reached skill level 1 in Fire Magic
  1821 | D:3      | Reached skill level 1 in Ice Magic
  1821 | D:3      | Reached skill level 1 in Air Magic
  1821 | D:3      | Reached skill level 1 in Earth Magic
  1821 | D:3      | Reached skill level 1 in Poison Magic
  2050 | D:3      | Found a stormy altar of Qazlal.
  2733 | D:4      | Reached XP level 5. HP: 40/40 MP: 6/6
  3233 | D:4      | Noticed a sky beast
  3236 | D:4      | Killed a sky beast
  3237 | D:4      | Reached XP level 6. HP: 47/47 MP: 8/8
  3258 | D:4      | Found a shimmering blue altar of Sif Muna.
  3328 | D:5      | Entered Level 5 of the Dungeon
  3328 | D:5      | Noticed a water moccasin
  3516 | D:5      | Noticed Pikel
  3673 | D:5      | Killed a water moccasin
  3704 | D:5      | Reached XP level 7. HP: 52/52 MP: 10/10
  3758 | D:5      | Reached skill level 5 in Stealth
  3790 | D:5      | Found an iron altar of Okawaru.
  3801 | D:5      | Became a worshipper of Warmaster Okawaru
  3864 | D:5      | Found a runed translucent gate.
  3864 | D:5      | Found a runed translucent gate.
  3926 | D:5      | Reached skill level 9 in Short Blades
  3945 | D:5      | Found a runed translucent gate.
  4028 | D:4      | Learned a level 2 spell: Wereblood
  4147 | D:5      | Noticed spiderkeys's ghost (novice SpAK)
  4339 | D:6      | Noticed Dowan
  4380 | D:5      | Reached XP level 8. HP: 50/60 MP: 12/12
  4608 | D:6      | Found a staircase to the Ecumenical Temple.
  4618 | D:6      | Reached * piety under Okawaru
  5410 | D:6      | Noticed Duvessa
  5431 | D:6      | Killed Duvessa
  5431 | D:6      | Reached ** piety under Okawaru
  5432 | D:6      | Reached XP level 9. HP: 46/66 MP: 14/14
  5437 | D:6      | Killed Dowan
  5764 | D:7      | Found a bloodstained altar of Trog.
  5944 | D:7      | Found a sparkling altar of Nemelex Xobeh.
  6653 | D:7      | Reached skill level 5 in Fighting
  6653 | D:7      | Reached skill level 5 in Long Blades
  6653 | D:7      | Reached skill level 5 in Throwing
  6653 | D:7      | Reached skill level 5 in Dodging
  6903 | D:7      | Learned a level 3 spell: Mephitic Cloud
  6907 | D:7      | Learned a level 3 spell: Ignite Poison
  7087 | D:8      | Found a glowing golden altar of the Shining One.
  7106 | D:8      | Noticed a deep elf pyromancer
  7295 | D:8      | Noticed a centaur warrior
  7296 | D:8      | Reached skill level 5 in Invocations
  7458 | D:8      | Learned a level 2 spell: Ensorcelled Hibernation
  7469 | D:8      | Noticed Erica
  7493 | D:8      | Noticed a centaur warrior
  7495 | D:8      | Killed Erica
  7496 | D:8      | Reached XP level 10. HP: 57/74 MP: 8/17
  7498 | D:8      | Noticed a centaur warrior
  7506 | D:8      | Slain by a centaur warrior

Illustrated notes

Levels and vault maps discovered:
D:1:      dpeg_arrival_round_c, layout_loops_ring, serial_shops, shop,
          grunt_decor_mini_mirrors
D:2:      layout_loops_ring, dk_noncrumbling_2
D:3:      layout_loops_corners, nicolae_qazlal_eye_of_the_storm
D:4:      layout_basic, lemuel_blue_sif_altar
D:5:      layout_rooms, mainiacjoe_overflow_alcove_2,
          gammafunk_ghost_nasty_kobolds, uniq_pikel
D:6:      layout_basic, minmay_temple_entry_poolview, uniq_duvessa
D:7:      layout_basic, mainiacjoe_overflow_surrounded_room,
          mainiacjoe_overflow_brackets
D:8:      minmay_the_grid_octo_tiled_octocenter [minmay_the_grid_octo_77,
          minmay_the_grid_octo_chip, minmay_the_grid_octo_teeth,
          minmay_the_grid_octo_checkerflower,
          minmay_the_grid_octo_prize_square_snowflake,
          minmay_the_grid_square_5x5_hourglass, minmay_the_grid_square_5x5_tie,
          minmay_the_grid_square_5x5_inverted_slash,
          minmay_the_grid_square_5x5_mess], layout_rooms, tso_oasis_becter,
          minmay_misc_feat_cross, uniq_erica

Skill      XL: |  1  2  3  4  5  6  7  8  9 |
---------------+----------------------------+-----
Invocations    | 1 2 3 4 5 |  5.3
Axes           | 1 2 3 4 |  4.8
Maces & Flails | 1 2 3 4 |  4.8
Polearms       | 1 2 3 4 |  4.8
Staves         | 1 2 3 4 |  4.8
Slings         | 1 2 3 4 |  4.8
Bows           | 1 2 3 4 |  4.8
Crossbows      | 1 2 3 4 |  4.8
Armour         | 1 2 3 4 |  4.8
Shields        | 1 2 3 4 |  4.8
Unarmed Combat | 1 2 3 4 |  4.8
Spellcasting   | 1 2 3 4 |  4.8
Evocations     | 1 2 3 4 |  4.8
Conjurations   | 1 2 3 4 |  4.0
Hexes          | 1 2 3 4 |  4.0
Summonings     | 1 2 3 4 |  4.0
Necromancy     | 1 2 3 4 |  4.0
Translocations | 1 2 3 4 |  4.0
Transmutations | 1 2 3 4 |  4.0
Fire Magic     | 1 2 3 4 |  4.0
Ice Magic      | 1 2 3 4 |  4.0
Air Magic      | 1 2 3 4 |  4.0
Earth Magic    | 1 2 3 4 |  4.0
Poison Magic   | 1 2 3 4 |  4.0
Fighting       | 3 4 5 |  5.5
Long Blades    | 3 4 5 |  5.5
Throwing       | 3 4 5 |  5.5
Dodging        | 3 4 5 |  5.5
Stealth        | 5 6 |  6.5
Short Blades   | 9 |  9.9

Action                   |  1- 3 |  4- 6 |  7- 9 | 10-12 || total
-------------------------+-------+-------+-------+-------++-------
Melee: Short sword       |    48 |   115 |   436 |       ||   599
       Bite              |     5 |    10 |    58 |       ||    73
       Punch             |       |     3 |    18 |       ||    21
 Fire: Hunting sling     |    27 |    55 |     4 |       ||    86
Throw: Dart              |       |       |    10 |       ||    10
 Cast: Ensorcelled Hiber |       |       |     2 |     3 ||     5
       Mephitic Cloud    |       |       |     2 |       ||     2
Invok: Heroism           |       |       |     2 |       ||     2
  Use: Scroll            |       |     9 |     8 |     2 ||    19
       Potion            |       |     1 |     4 |     1 ||     6
 Stab: Sleeping          |     8 |     2 |     9 |       ||    19
       Distracted        |       |     1 |       |       ||     1
Armor: Leather armour    |    11 |       |       |       ||    11
       Ring mail         |       |    33 |    71 |       ||   104
       Skin              |       |    12 |       |       ||    12
       Steam dragon scal |       |       |    18 |     7 ||    25
Dodge: Dodged            |    32 |    50 |   259 |    13 ||   354

Table legend: (Time is in decaauts)
 A = Elapsed time spent in this place.
 B = Non-inter-level travel time spent in this place.
 C = Inter-level travel time spent in this place.
 D = Time resting spent in this place.
 E = Time spent auto-exploring this place.
 F = Levels seen in this place.
 G = Mean time per level.
                   A        B        C        D        E       F      G
               +--------+--------+--------+--------+--------+-----+--------+
         Total |   7341 |   6392 |    949 |   1182 |   3731 |   8 |  917.6 |
       Dungeon |   7341 |   6392 |    949 |   1182 |   3731 |   8 |  917.6 |
               +--------+--------+--------+--------+--------+-----+--------+

Top non-repeatable levels by time:
     D:6: 1734 daAuts
     D:3: 1120 daAuts
     D:7: 969 daAuts
     D:4: 864 daAuts
     D:1: 855 daAuts
     D:2: 797 daAuts
     D:5: 779 daAuts
     D:8: 219 daAuts
